[Event "*** Titled Tuesday Blitz"]
[Site "Chess.com"]
[Date "2021.02.16"]
[Round "11"]
[White "NikolaN98"]
[Black "BigAl"]
[Result "0-1"]
[WhiteElo "2505"]
[BlackElo "2511"]
[TimeControl "180+1"]
[EndTime "12:11:01 PST"]
[Termination "BigAl won on time"]

1. f4 g6 2. Nf3 Bg7 3. d3 d5 4.
e3 Bg4 5. Be2 Bxf3 6. Bxf3 e6 7.
O-O Ne7 8. e4 O-O 9. Nd2 c5 10.
Qe2 Nbc6 11. c3 b5 12. e5 Rb8 13. Nb3 c4 14. Nc5 cxd3 15. Qxd3 b4 16. Be3 bxc3 17.
bxc3 Re8 18. Bf2 Bf8 19. Nb3 Qc7 20. c4 Nb4 21. Qd2 dxc4 22. Rac1 Nbd5 23. Nc5 c3 24. Rxc3 Nxc3 25. Qxc3 Rbc8 26. Qd2 Nd5 27. Ne4 Qc2 28. Qa5 Kg7 29. Nf6 Nxf6 30. exf6+ Kg8 31. Qg5 Qxa2 32. h4 a5 33. h5 a4 34. Be4 Qe2 35. hxg6 Qxe4 36.
gxh7+ Kxh7 37. Kh2 Qg6 38. Qe5 Kg8 39. Rh1 Rcd8 40.
Bb6 Rd5 41. Qe3 Rh5+ 42. Kg1 Rxh1+ 43. Kxh1 Rc8 44. Kh2 Rb8 45. Bd4 Rb5 46. f5 Rxf5 47.
Kg1 Rd5 48. Qf4 Qf5 49. Qh4 Rxd4 50. Qxd4 Bc5 0-1

[Event "*** Titled Tuesday Blitz"]
[Site "Chess.com"]
[Date "2021.02.16"]
[Round "11"]
[White "kamilianin235"]
[Black "Julianos82"]
[Result "0-1"]
[WhiteElo "2189"]
[BlackElo "2354"]
[TimeControl "180+1"]
[EndTime "12:11:01 PST"]
[Termination "Julianos82 won on time"]

1. e4 c5 2. Nf3 b6 3. d3 Bb7 4. b3 d6 5. Bb2 e5 6. g3 Be7 7. Bg2 h5 8. h4 Nh6 9. O-O Ng4 10. Nbd2 Nc6 11. Nc4 Nd4 12. Ne3 g5 13. Nxg5 Bxg5 14.
hxg5 Qxg5 15. Bc1 Qg6 16. c3 Ne6 17. Nf5 Rd8 18. b4 d5 19. Qa4+ Kf8 20. Qxa7 dxe4 21. dxe4 Ba8 22. Qe7+ Kg8 23. Qxd8+ Nxd8 24. Ne7+ Kg7 25.
Nxg6 Kxg6 26. bxc5 bxc5 27. f4 h4 28. Bh3 Nf6 29.
fxe5 Nxe4 30. Bf5+ Kg7 31. gxh4 Rxh4 32. Bxe4 Bxe4 33.
Kf2 Ne6 34. Rg1+ Kf8 35. Be3 Rh2+ 36. Ke1 Bd3 37. Bf2 c4 38. a4 Nf4 39. Bc5+ Ke8 40. a5 Re2+ 41. Kf1 Ra2+ 42. Ke1 Rxa1+ 43. Kf2 Rxa5 44.
Bd4 Ra2+ 45. Ke3 Ne6 46. Kf3 Nxd4+ 47. cxd4 c3 48. Rc1 c2 49. Ke3 Bg6 50. Kd2 Ke7 51. Re1 Ke6 52. Rf1 c1=Q+ 0-1

[Event "*** Titled Tuesday Blitz"]
[Site "Chess.com"]
[Date "2021.02.16"]
[Round "11"]
[White "TigrVShlyape"]
[Black "kayrakamer"]
[Result "1-0"]
[WhiteElo "2893"]
[BlackElo "2722"]
[TimeControl "180+1"]
[EndTime "12:11:03 PST"]
[Termination "TigrVShlyape won by resignation"]

1. e4 c5 2. Nc3 e6 3. Nf3 a6 4. a4 b6 5. g3 Bb7 6. Bg2 d5 7. exd5 exd5 8. d4 Nf6 9. O-O Be7 10. Nh4 Qd7 11. a5 cxd4 12. Na4 bxa5 13. Nb6 Qd8 14. Nxa8 Bxa8 15. Nf5 O-O 16. Nxe7+ Qxe7 17. Qxd4 Nc6 18. Qh4 Qc5 19. c3 Ne5 20. Be3 Qb5 21. Bd4 Nfd7 22.
Rfe1 Nd3 23. Qg4 f6 24. Bf1 N7e5 25. Qd1 Nxb2 26. Bxb5 Nxd1 27. Be2 Nb2 28. Rxa5 Re8 29. Rb1 Nc6 30. Rxa6 Rxe2 31. Rxa8+ Kf7 32. Rc8 Nxd4 33. cxd4 Nd3 34. Rc7+ Kg6 35. Rf1 h5 36. Rd7 Nb4 37. h4 Rd2 38. Re1 Nd3 39. Rf1 Nb4 40. Rb7 Rxd4 41. Re1 Nd3 42. Ree7 Ne5 43. Kg2 Kf5 44. Rxg7 Rd2 45. Rb4 Ng4 46. Rf4+ Ke6 47. Rh7 Ne3+ 48.
Kg1 Rd1+ 49. Kh2 Ng4+ 50. Kg2 d4 51. Rxh5 d3 52. Rxg4 f5 53. Rd4 Ke5 54. Rd8 d2 55. g4 1-0

[Event "*** Titled Tuesday Blitz"]
[Site "Chess.com"]
[Date "2021.02.16"]
[Round "11"]
[White "woodhy"]
[Black "OlifantCZ"]
[Result "1-0"]
[WhiteElo "2460"]
[BlackElo "2321"]
[TimeControl "180+1"]
[EndTime "12:11:03 PST"]
[Termination "woodhy won by resignation"]

1. e4 e6 2. d4 d5 3. e5 c5 4. c3 Nc6 5. Be3 cxd4 6. cxd4 Nge7 7. Nf3 Nf5 8. Qd2 Bb4 9. Nc3 O-O 10. Bd3 Nxe3 11. fxe3 Bd7 12. O-O a6 13. Rac1 Qe7 14. Kh1 f5 15. exf6 Rxf6 16. e4 dxe4 17. Bxe4 Raf8 18. Qd3 h6 19. d5 Nd8 20. dxe6 Bxe6 21.
Rfe1 Bxc3 22. Qxc3 Qd7 23. Ne5 Qa4 24. Bc2 Qb5 25.
Bd3 Qd5 26. h3 Rf2 27. Be4 Qd2 28. Qg3 Qg5 29. Qxg5 hxg5 30. Rc7 Rxb2 31. Ng6 Rf7 32. Rc5 Nc6 33. Bxc6 bxc6 34. Rxe6 Rf1+ 35. Kh2 Rff2 36. Rxg5 Rxa2 37. Rxc6 Rac2 38. Rxa6 Ra2 39. Rxa2 Rxa2 40. Nh4 Kh7 41. Nf5 g6 42. Nh4 Kh6 43. Rg4 Kh7 44.
Nxg6 Ra3 45. Nh4 Kh6 46. Nf3 Kh5 47. Kg3 Kh6 48. Rg5 Rxf3+ 49. gxf3 Kxg5 50. f4+ Kf5 51. Kf3 Kg6 52. Kg4 Kf6 53. f5 1-0

[Event "*** Titled Tuesday Blitz"]
[Site "Chess.com"]
[Date "2021.02.16"]
[Round "11"]
[White "ikhasu"]
[Black "zimmm36"]
[Result "1-0"]
[WhiteElo "2403"]
[BlackElo "2269"]
[TimeControl "180+1"]
[EndTime "12:11:03 PST"]
[Termination "ikhasu won by checkmate"]

1. d4 e5 2. dxe5 Qe7 3. Nf3 Nc6 4. Nc3 f6 5. exf6 Nxf6 6. Bg5 Qb4 7. Rb1 Ne4 8. Bd2 Nxd2 9. Qxd2 Be7 10. e3 O-O 11. Bd3 d6 12. Nd5 Qxd2+ 13. Nxd2 Bd8 14. O-O Ne5 15. Nc4 Nxd3 16. cxd3 Be6 17. Nc3 Be7 18.
Rbc1 c6 19. Ne2 Rf5 20. Nd4 Rf6 21. Nxe6 Rxe6 22. d4 Rf8 23. Na5 Rb8 24. Rfd1 Bd8 25. Nb3 d5 26. Nc5 Re7 27. Nd3 Bc7 28. b4 Bd6 29. a4 a6 30. Rb1 Rf7 31. Rdc1 Kf8 32. b5 cxb5 33. axb5 a5 34. b6 a4 35. Rb5 Rf5 36. e4 Rf7 37. Rxd5 Be7 38. Ne5 Rf4 39. Nd7+ Kf7 40. Nxb8 Rxe4 41. Nd7 a3 42. Nc5 Re2 43. Ra1 a2 44. Kf1 Rb2 45. Re5 Bf6 46. Nd3 Rb1+ 47.
Re1 Rb3 48. Nc1 Rxb6 49. Nxa2 Bxd4 50. Rad1 Bf6 51. Rd7+ Kg6 52. Nc1 Rb2 53. Nd3 Rb3 54. Nf4+ Kf5 55. g3 Kg4 56. Kg2 g5 57. h3+ Kf5 58. Rd5+ Be5 59. Rdxe5+ Kf6 60. Re6+ Kf7 61. Re7+ Kf8 62. Re8+ Kf7 63. R1e7+ Kf6 64. Nd5+ Kg6 65. Rg8+ Kf5 66. g4# 1-0

[Event "*** Titled Tuesday Blitz"]
[Site "Chess.com"]
[Date "2021.02.16"]
[Round "11"]
[White "Faqade"]
[Black "TimofeevAr"]
[Result "1-0"]
[WhiteElo "2721"]
[BlackElo "2869"]
[TimeControl "180+1"]
[EndTime "12:11:06 PST"]
[Termination "Faqade won by resignation"]

1. e4 d5 2. exd5 Nf6 3. Bb5+ Bd7 4. Be2 Nxd5 5. d4 g6 6. Nf3 Bg7 7. O-O O-O 8. c4 Nf6 9. Nc3 Bg4 10. h3 Bxf3 11.
Bxf3 c6 12. d5 cxd5 13. Nxd5 Nxd5 14. Qxd5 Nc6 15. Bg5 Bxb2 16. Rab1 Bf6 17. Bxf6 exf6 18. Rxb7 Nd4 19. Rd1 Nxf3+ 20. Qxf3 Qc8 21. Rdd7 Qxc4 22.
Rxa7 Rxa7 23. Rxa7 f5 24. Ra8 Qc1+ 25. Kh2 Qc7+ 26.
g3 Rxa8 27. Qxa8+ Kg7 28. Kg2 h5 29. Qd5 Qa7 30. Qc4 Qb7+ 31. Kh2 Qb2 32. Kg2 Qb7+ 33. Kf1 Qb1+ 34. Ke2 Qb2+ 35. Ke3 Qe5+ 36. Kf3 g5 37. a4 Qe1 38. Qd4+ Kg6 39. Kg2 Qa5 40. Qd6+ Kg7 41. Qc6 Qe5 42. Qa8 h4 43. gxh4 gxh4 44. a5 Kh7 45. a6 Qg7+ 46. Kf3 Qc3+ 47. Kf4 Qxh3 48. Qf3 Qh2+ 49. Kxf5 h3 50. a7 Qg2 51. a8=Q Qg6+ 52. Ke5 Qe6+ 53. Kd4 h2 54. Qae4+ Qxe4+ 55. Qxe4+ 1-0

[Event "*** Titled Tuesday Blitz"]
[Site "Chess.com"]
[Date "2021.02.16"]
[Round "11"]
[White "PavelChernomordik"]
[Black "HrvojeZagreb"]
[Result "0-1"]
[WhiteElo "2382"]
[BlackElo "2274"]
[TimeControl "180+1"]
[EndTime "12:11:07 PST"]
[Termination "HrvojeZagreb won by resignation"]

1. e4 e6 2. Nc3 d5 3. d4 dxe4 4. Nxe4 Nd7 5. Nf3 Ngf6 6. Nc3 c5 7.
dxc5 Bxc5 8. Bg5 Qb6 9. Qd2 Qxb2 10. Rb1 Bxf2+ 11. Kxf2 Qxc3 12. Qf4 Qxc2+ 13. Be2 Qc5+ 14. Kf1 h6 15. Bxf6 Nxf6 16. Rc1 Nd5 17. Qxf7+ Kxf7 18. Rxc5 b6 19. Rc1 Rf8 20. Kf2 Kg8 21. Bc4 Bb7 22. Rhe1 Rf6 23. Kg1 Nf4 24. Bf1 Nxg2 25. Bxg2 Bxf3 26.
Bxf3 Rxf3 27. Rxe6 Rf7 28. a4 Raf8 29. Rce1 Rf5 30.
R6e5 Rxe5 31. Rxe5 Rf4 32. a5 Kf7 33. axb6 axb6 34. Rb5 Rf6 35. Re5 Re6 36. Rd5 Ke7 37. Kf2 Rd6 38. Re5+ Kd7 39. Kf3 Kc6 40. Kf4 b5 41. h4 b4 42. h5 Rd5 43. Re7 b3 44. Rxg7 Rxh5 45. Rg3 Rb5 46. Rg1 b2 47. Rb1 Kc5 48. Ke4 Kc4 49. Ke3 Kc3 50. Kf4 Kc2 51.
Rh1 b1=Q 52. Rh2+ Kc3 53. Rh3+ Kd4 54. Rxh6 Qf5+ 55. Kg3 Qg5+ 56. Kf3 Rf5+ 57. Ke2 Qe3+ 58. Kd1 Rf1+ 59. Kc2 Rc1+ 0-1

[Event "*** Titled Tuesday Blitz"]
[Site "Chess.com"]
[Date "2021.02.16"]
[Round "11"]
[White "Sergey85Rodchenkov"]
[Black "Goryachkina"]
[Result "0-1"]
[WhiteElo "2509"]
[BlackElo "2654"]
[TimeControl "180+1"]
[EndTime "12:11:08 PST"]
[Termination "Goryachkina won by resignation"]

1. e4 c5 2. Nf3 Nc6 3. d4 cxd4 4. Nxd4 e5 5. Nb3 Nf6 6. Nc3 Bb4 7. Bc4 O-O 8. O-O Bxc3 9. bxc3 d6 10. Ba3 Nxe4 11. Qd3 Bf5 12. Rae1 Rc8 13. Rxe4 Ne7 14. Bd5 Nxd5 15.
Qxd5 Bxe4 16. Qxe4 Rxc3 17. Qxb7 Rxc2 18. Bb4 Rxa2 19.
Na5 Qc8 20. Qxa7 h6 21. Qe3 Qe6 22. h3 Rc8 23. Nb7 d5 24. Nc5 Qb6 25. Nd3 Qxe3 26. fxe3 e4 27. Nf4 Rcc2 28. Rd1 g5 29. Nxd5 Rxg2+ 30. Kf1 Raf2+ 31. Ke1 Rb2 32. Kf1 Rgf2+ 33. Ke1 Rh2 34. Bd2 Kh7 35. Nf6+ Kg6 36. Nxe4 Rxh3 37. Nf2 Rf3 38. Ke2 Rf5 39. e4 Rc5 40. Ke3 Rcb5 41. Rc1 R5b3+ 42. Rc3 Rxc3+ 43. Bxc3 Rb3 44. Kd4 h5 45.
Kc4 Rb7 46. e5 h4 47. Ng4 h3 48. Kd3 Kh5 49. Nf6+ Kg6 50. Ng4 Rb3 51. Kc2 Ra3 52.
Be1 h2 53. Nxh2 Ra2+ 54. Kd3 Rxh2 0-1

[Event "*** Titled Tuesday Blitz"]
[Site "Chess.com"]
[Date "2021.02.16"]
[Round "11"]
[White "vladgoncharov"]
[Black "LEGENYA1998"]
[Result "1-0"]
[WhiteElo "2469"]
[BlackElo "2296"]
[TimeControl "180+1"]
[EndTime "12:11:08 PST"]
[Termination "vladgoncharov won on time"]

1. Nf3 g6 2. c4 Bg7 3. g3 b6 4.
Bg2 Bb7 5. O-O d6 6. d4 Nd7 7.
Nc3 e6 8. e4 h6 9. Be3 Ne7 10. Qd2 a6 11. Rad1 g5 12. Rfe1 Ng6 13. e5 O-O 14. Qe2 Qe7 15. Bc1 Rad8 16. exd6 cxd6 17. b3 Rfe8 18. Bb2 f5 19. Nd2 Bxg2 20.
Kxg2 Nf6 21. f3 e5 22. dxe5 dxe5 23. Nf1 Rxd1 24. Rxd1 Rd8 25. Rxd8+ Qxd8 26. Ne3 Qd7 27. Ned5 Nxd5 28. Nxd5 b5 29. Qc2 bxc4 30. Qxc4 Kh7 31. Bc3 Ne7 32. Nxe7 Qxe7 33. Qxa6 Qc5 34. Qc4 Qe3 35.
Bb4 e4 36. fxe4 fxe4 37. Qf1 Qd4 38. Be1 Qd5 39. Qe2 e3+ 40. Kg1 Qe4 41. b4 Bd4 42. a4 Qb1 43. Kg2 Qe4+ 44. Kh3 Qf5+ 45. g4 Qe4 46. a5 Be5 47. b5 Qd5 48. a6 Bd4 49.
Bg3 Qe6 50. Qd3+ Kg8 51. Qxd4 h5 52. a7 hxg4+ 53. Qxg4 1-0

[Event "*** Titled Tuesday Blitz"]
[Site "Chess.com"]
[Date "2021.02.16"]
[Round "11"]
[White "MPGM"]
[Black "Funo09"]
[Result "0-1"]
[WhiteElo "2606"]
[BlackElo "2760"]
[TimeControl "180+1"]
[EndTime "12:11:09 PST"]
[Termination "Funo09 won by resignation"]

1. c4 e5 2. Nc3 Bb4 3. Nd5 Be7 4. d4 d6 5. e4 c6 6. Nxe7 Qxe7 7. f3 Nf6 8. Be3 O-O 9. d5 Na6 10. Ne2 Bd7 11.
Nc3 Rfc8 12. Be2 cxd5 13. cxd5 Nc5 14. O-O a5 15. Qd2 h6 16. Rfc1 Nh5 17. Bf1 Qh4 18. Qf2 Qe7 19. Qd2 g5 20. Rab1 f5 21. b3 f4 22. Bf2 Nf6 23. a3 a4 24. bxa4 Bxa4 25. Nxa4 Nxa4 26. Rxc8+ Rxc8 27. Rc1 Ra8 28. Qb4 g4 29. Kh1 g3 30. Bg1 gxh2 31. Bf2 Nh5 32. Kxh2 Ng3 33. Bxg3 fxg3+ 34. Kh3 Nc5 35. Rxc5 dxc5 36.
Qb6 Kh7 37. d6 Qg7 38. Bb5 Rg8 39. Qc7 Qxc7 40. dxc7 Rc8 41. Kxg3 Rxc7 42. Bc4 Kg7 43. Kg4 Kf6 44. a4 b6 45. g3 Rg7+ 46. Kh4 Rd7 47.
Bd5 Rxd5 48. exd5 c4 49. d6 c3 50. Kh5 c2 51. d7 Ke7 0-1

[Event "*** Titled Tuesday Blitz"]
[Site "Chess.com"]
[Date "2021.02.16"]
[Round "11"]
[White "FMJoseHerrera"]
[Black "XDPS"]
[Result "0-1"]
[WhiteElo "2597"]
[BlackElo "2735"]
[TimeControl "180+1"]
[EndTime "12:11:10 PST"]
[Termination "XDPS won on time"]

1. Nf3 d5 2. g3 Bg4 3. Bg2 e6 4. O-O Nf6 5. d3 c5 6. c3 Nc6 7. Qb3 Qd7 8. c4 Bxf3 9. exf3 Be7 10. cxd5 Nxd5 11. f4 Nd4 12. Qd1 O-O 13. Nc3 Rad8 14. Be3 Nf5 15. Nxd5 exd5 16. d4 Nxe3 17. fxe3 c4 18.
Qc2 b5 19. Rad1 Rfe8 20. e4 dxe4 21. Bxe4 g6 22. f5 Qd6 23. fxg6 hxg6 24. a4 a6 25. axb5 axb5 26. b3 Bg5 27. bxc4 bxc4 28. Kh1 c3 29. Rf3 Bd2 30. Rdf1 Re7 31. d5 Rde8 32. Rf6 Qe5 33.
Bxg6 Qxd5+ 34. R1f3 Re1+ 35. Kg2 R1e2+ 36. Kh3 Qd7+ 37.
Bf5 Qd4 38. Bg4 R8e7 39. Qf5 R2e5 40. Qc8+ Kg7 41. R6f5 Rxf5 42. Qxf5 Qe5 43. Qc2 Qg5 44. Rf5 Qh6+ 45. Rh5 Qg6 46. Qb3 c2 47. Qb2+ f6 48. Qb8 Qxh5+ 49. Bxh5 c1=Q 50. Qd8 Qc7 51. Qd3 Qd7+ 0-1

[Event "*** Titled Tuesday Blitz"]
[Site "Chess.com"]
[Date "2021.02.16"]
[Round "11"]
[White "TregubovP"]
[Black "Gabrielian_Artur"]
[Result "0-1"]
[WhiteElo "2555"]
[BlackElo "2788"]
[TimeControl "180+1"]
[EndTime "12:11:10 PST"]
[Termination "Gabrielian_Artur won by resignation"]

1. e4 e5 2. Nf3 Nc6 3. Bb5 g6 4. d4 exd4 5. Bg5 Be7 6. Bxe7 Qxe7 7. O-O Nf6 8. Nxd4 O-O 9. Nc3 Nxd4 10. Qxd4 d6 11.
Rfe1 Qe5 12. Qd2 Be6 13. h3 Nh5 14. Bf1 Nf4 15. Rad1 h5 16. Nd5 g5 17. Nxc7 Rac8 18. Nxe6 fxe6 19. c3 Rcd8 20. Qd4 g4 21. Qxe5 dxe5 22.
hxg4 hxg4 23. g3 Nh5 24. Bc4 Kf7 25. Kg2 Nf6 26. f3 gxf3+ 27. Kxf3 Rc8 28. Be2 Ke7 29. Ke3 Rg8 30. Rg1 Rh8 31. Rh1 Rhg8 32. Rdg1 Rg7 33.
Rg2 a5 34. g4 Rcg8 35. Rhg1 Nh7 36. a4 Ng5 37. Rh1 Rf8 38. Rh5 Rf4 39. Bd3 Rf3+ 40.
Ke2 Rf4 41. Ke3 b6 42. Rg3 Kf6 43. b4 Rc7 44. Kd2 Rf2+ 45. Ke3 Rf4 46. Kd2 Rf2+ 47. Ke3 Rb2 48. Rh6+ Kg7 49. Rh5 Kg6 50. Rg1 Rxc3 51. Rd1 Rbb3 52. Rh8 Rxb4 53. Re8 Rd4 54. Rb8 Rb3 55. Rb7 Rxe4+ 56. Kd2 Rxd3+ 57. Kc2 Rxd1 58. Kxd1 Rd4+ 0-1

[Event "*** Titled Tuesday Blitz"]
[Site "Chess.com"]
[Date "2021.02.16"]
[Round "11"]
[White "Grieve72"]
[Black "Zenzo"]
[Result "1-0"]
[WhiteElo "2496"]
[BlackElo "2600"]
[TimeControl "180+1"]
[EndTime "12:11:12 PST"]
[Termination "Grieve72 won by checkmate"]

1. e4 e5 2. Nf3 Nc6 3. Bc4 Bc5 4. O-O Nf6 5. d3 d6 6. a4 a6 7. c3 Ba7 8. a5 h6 9. Nbd2 g5 10.
Qb3 Qe7 11. Re1 g4 12. Nh4 Nh5 13. g3 Ng7 14. Nf1 Nd8 15. Be3 Be6 16. Bxa7 Rxa7 17.
Ne3 O-O 18. Bxe6 fxe6 19. Ng6 Qg5 20. Nxf8 Kxf8 21. f3 gxf3 22. Qd1 f2+ 23. Kxf2 Ke7 24. Qg4 Nf7 25. h4 Qxg4 26. Nxg4 h5 27. Ne3 Nh6 28.
Ke2 Ra8 29. Rf1 Rg8 30. Rf3 Ne8 31. Raf1 Rg6 32. b4 Nf6 33. c4 Nd7 34. Rb1 c6 35. b5 cxb5 36. cxb5 Nc5 37. bxa6 bxa6 38. Rb6 Rg8 39. Nc4 Rd8 40. Rc6 Ng4 41. Rc7+ Rd7 42. Rxd7+ Nxd7 43. Rf1 Nc5 44. Rb1 d5 45. exd5 exd5 46.
Ne3 Nf6 47. Rb6 e4 48. Nf5+ Kf7 49. dxe4 Nfxe4 50. Nd6+ Ke7 51. Nxe4 Nxe4 52. Kf3 Nc5 53. Rc6 Nb3 54. Rxa6 Kd7 55. Ke3 Kc7 56. Ra7+ Kc6 57. Rh7 Nxa5 58. Rxh5 Kc5 59. Rg5 Nc4+ 60. Ke2 Nd6 61.
h5 Ne4 62. Re5 Nxg3+ 63. Kf3 Nf1 64. h6 Nd2+ 65. Kf4 Nc4 66. h7 Nxe5 67. Kxe5 d4 68. h8=Q Kc4 69. Qc8+ Kd3 70. Qd7 Ke2 71. Qxd4 Kf1 72.
Qd2 Kg1 73. Kf4 Kh1 74. Kg3 Kg1 75. Qe1# 1-0

[Event "*** Titled Tuesday Blitz"]
[Site "Chess.com"]
[Date "2021.02.16"]
[Round "11"]
[White "Rsnr"]
[Black "Skat2704"]
[Result "0-1"]
[WhiteElo "2743"]
[BlackElo "2566"]
[TimeControl "180+1"]
[EndTime "12:11:13 PST"]
[Termination "Skat2704 won by resignation"]

1. d4 d5 2. c4 e6 3. Nf3 Nf6 4. g3 dxc4 5. Bg2 Nc6 6. Qa4 Bb4+ 7. Bd2 Nd5 8. Bxb4 Nxb4 9. O-O Rb8 10. Na3 O-O 11. Qb5 Nd5 12. Nxc4 Nb6 13. Nxb6 cxb6 14. Rfd1 Bd7 15. Qd3 Qe7 16. Rac1 Rfd8 17. a3 h6 18. h4 e5 19. Qe3 e4 20. Nd2 f5 21.
f3 exf3 22. Qxe7 Nxe7 23. Bxf3 Bc6 24. Nc4 Bxf3 25. exf3 Rd5 26. Ne3 Rd7 27. d5 Rbd8 28. Rd4 Nxd5 29. Nxf5 Nf6 30. Rxd7 Rxd7 31. Rc2 Kf7 32. Kf2 Ke6 33. g4 h5 34. Re2+ Kf7 35.
g5 Nd5 36. Kg3 g6 37. Nh6+ Kg7 38. Rd2 b5 39. f4 Nb6 40. Rxd7+ Nxd7 41. f5 Nc5 42. Kf3 Nd3 43. b4 Ne5+ 44. Ke4 Nc4 45.
f6+ Kf8 46. Nf5 gxf5+ 47. Kxf5 Nxa3 48. g6 Nc4 49. Ke6 Ne3 50. f7 a5 51. bxa5 b4 52. g7+ Kxg7 53. Ke7 Nf5+ 54. Ke6 b3 0-1

[Event "*** Titled Tuesday Blitz"]
[Site "Chess.com"]
[Date "2021.02.16"]
[Round "11"]
[White "picturesquecheck"]
[Black "kuba2006"]
[Result "0-1"]
[WhiteElo "2252"]
[BlackElo "2381"]
[TimeControl "180+1"]
[EndTime "12:11:15 PST"]
[Termination "kuba2006 won by resignation"]

1. e4 b6 2. d4 Bb7 3. Bd3 e6 4.
Ne2 Nf6 5. Nd2 d5 6. e5 Ne4 7. O-O Be7 8. c3 O-O 9. a3 c5 10. Ng3 Nxd2 11. Bxd2 Ba6 12. Bxa6 Nxa6 13. f4 f5 14.
exf6 Bxf6 15. Be3 Qd6 16. Qe2 Nc7 17. Rad1 Rae8 18. b4 cxd4 19. Bxd4 e5 20. fxe5 Bxe5 21. Rxf8+ Kxf8 22. Bxe5 Qxe5 23. Qd3 Qe3+ 24. Kf1 Kg8 25. Ne2 Rf8+ 26. Ke1 Qf2+ 27. Kd2 Qxg2 28. Kc1 Rf2 29. Rd2 Qf1+ 30. Kb2 Qg2 31. Kc2 Qe4 32. Ng3 Qxd3+ 33. Kxd3 Rxd2+ 34. Kxd2 Kf7 35. Kd3 Ke6 36. a4 Ke5 37. c4 dxc4+ 38. Kxc4 Kf4 39. Nh5+ Kf3 40. Nxg7 Kg2 41. h4 Kg3 42. h5 Kg4 43. a5 Kg5 44. Kd4 Kh6 45. Nf5+ Kxh5 46. axb6 axb6 47. Ke5 Kg5 48. Ng3 Na6 49. b5 Nc7 50. Kd6 Nxb5+ 51. Kc6 Nc3 52. Kxb6 Kg4 53. Nf1 h5 54. Kc5 Kf3 55.
Kd4 Ne2+ 56. Kd3 Ng3 57. Nh2+ Kg2 58. Ke3 Kxh2 0-1

[Event "*** Titled Tuesday Blitz"]
[Site "Chess.com"]
[Date "2021.02.16"]
[Round "11"]
[White "korkmaz16"]
[Black "WonderChampion"]
[Result "1-0"]
[WhiteElo "2394"]
[BlackElo "2119"]
[TimeControl "180+1"]
[EndTime "12:11:18 PST"]
[Termination "korkmaz16 won by resignation"]

1. e4 c5 2. Nc3 g6 3. f4 Bg7 4. Nf3 e6 5. Bc4 Ne7 6. Qe2 O-O 7. O-O Nbc6 8. d3 d5 9. Bb3 a6 10. Qf2 d4 11. Ne2 b5 12. f5 exf5 13.
Qh4 fxe4 14. Ng5 h5 15. Nxf7 Qc7 16. Bf4 Qb6 17. Nd6+ Kh7 18. Bg5 Nf5 19. Nxe4 c4 20. Qh3 cxb3 21. g4 Ne3 22. Rxf8 Bxf8 23. Nf6+ Kh8 24.
Bxe3 dxe3 25. Qh4 Ne5 26. Rf1 Bg7 27. gxh5 Bxf6 28. Rxf6 Qb7 29. hxg6+ Kg7 30. Rf4 Nf3+ 31. Rxf3 Qxf3 32. Qh7+ Kf6 33. Qf7+ Kg5 34. Qxf3 Kxg6 35.
axb3 Ra7 36. Qxe3 Rg7 37. Ng3 Bg4 38. Qd4 Kh6 39. Qf6+ Kh7 40. d4 Bh5 41. d5 Bg6 42. Qe5 Bf7 43. d6 Bg6 44. Qe7 Rxe7 45. dxe7 Be8 46. c4 Kg7 47. Nf5+ Kf6 48. Nd6 Kxe7 49. Nxe8 Kxe8 50. cxb5 axb5 51. Kf2 b4 52. Ke3 Ke7 53.
Kd4 Ke6 54. Kc4 Kd6 55. Kxb4 Kc6 56. h4 Kb6 57. h5 Kc6 58. h6 Kd7 59. h7 1-0

[Event "*** Titled Tuesday Blitz"]
[Site "Chess.com"]
[Date "2021.02.16"]
[Round "11"]
[White "A-S-00"]
[Black "Mikhail_Golubev"]
[Result "1-0"]
[WhiteElo "2359"]
[BlackElo "2557"]
[TimeControl "180+1"]
[EndTime "12:11:19 PST"]
[Termination "A-S-00 won on time"]

1. d4 Nf6 2. c4 g6 3. Nc3 Bg7 4. g3 d6 5. Bg2 O-O 6. e4 e5 7. Nf3 Bg4 8. dxe5 Bxf3 9. Bxf3 dxe5 10. Be3 Nc6 11. O-O Nd4 12. Bg2 c6 13. f4 Nd7 14. f5 Nc5 15. Qd2 a5 16. Rad1 Qe7 17.
Kh1 Rad8 18. Qf2 f6 19. Bxd4 exd4 20. Rxd4 Rxd4 21. Qxd4 Rd8 22. Qf2 Nd3 23. Qc2 Qc5 24. Nd5 cxd5 25. Qxd3 Qxc4 26. Qxc4 dxc4 27. Rc1 Rd2 28. Kg1 Rxb2 29. Rxc4 Rxa2 30. Rc8+ Bf8 31. Bf1 Ra1 32. Kg2 a4 33. Bc4+ Kg7 34. Rc7+ Kh6 35. Rxb7 a3 36. Ra7 gxf5 37. exf5 Rc1 38. Be6 Rc2+ 39.
Kh3 Rc3 40. Ra6 Bg7 41. Ra7 Rd3 42. Bc4 Rc3 43. Be6 Re3 44. Ra4 Rc3 45. Rh4+ Kg5 46.
Rg4+ Kh6 47. Rh4+ Kg5 48. Rxh7 Bf8 49. Rh8 Bc5 50. Rg8+ Kh6 51. Rg6+ Kh7 52. Rxf6 Rc2 53. Rf7+ Kh8 54. Rc7 1-0

[Event "*** Titled Tuesday Blitz"]
[Site "Chess.com"]
[Date "2021.02.16"]
[Round "11"]
[White "stepakyedael"]
[Black "noamapplesauce"]
[Result "0-1"]
[WhiteElo "2320"]
[BlackElo "2163"]
[TimeControl "180+1"]
[EndTime "12:11:19 PST"]
[Termination "noamapplesauce won by checkmate"]

1. d4 d5 2. Nf3 Nf6 3. e3 g6 4.
c4 c6 5. Nc3 Bg7 6. h3 O-O 7. Qb3 Nbd7 8. cxd5 cxd5 9. Nxd5 Qa5+ 10. Nc3 e5 11. Bd2 exd4 12. Nxd4 Re8 13. Be2 Qg5 14.
O-O Ne5 15. Kh2 b6 16. f4 Qh6 17. fxe5 Rxe5 18. Nc6 Re8 19. Qb4 Bb7 20. Bf3 a5 21. Qf4 g5 22. Qg3 g4 23. Bxg4 Bxc6 24. Bf3 Bxf3 25. Qxf3 Rad8 26. Rad1 Qg6 27. Bc1 Rxd1 28. Rxd1 h5 29. Rf1 h4 30. Qf5 Qg3+ 31. Kh1 Re6 32.
Qf3 Qe5 33. Qf5 Nh5 34. Qxe5 Bxe5 35. Rf3 Ng3+ 36. Kg1 Bxc3 37. bxc3 Ne2+ 38. Kf1 Nxc1 39. Rf4 Nxa2 40. Rg4+ Kf8 41. Rxh4 Nxc3 42. Rh8+ Ke7 43. Rb8 a4 44. Rb7+ Kf6 45. Ra7 b5 46. Ke1 Rd6 47. e4 Nxe4 48. Ke2 Nc3+ 49. Ke3 b4 50. g4 a3 51. Kf4 Rd4+ 52. Ke3 Rd6 53. Kf4 a2 54.
g5+ Kg6 55. h4 b3 56. Kg4 Rd4+ 57. Kf3 b2 58. h5+ Kxh5 59. Ra5 Kg6 60. Ke3 Rd5 61. Ra3 b1=Q 62. Rxc3 Qe1+ 63. Kf4 Qxc3 64. Kg4 Qe5 65. Kf3 Rd3+ 66. Kf2 Qe3+ 67. Kf1 a1=Q+ 68. Kg2 Rd2# 0-1

[Event "*** Titled Tuesday Blitz"]
[Site "Chess.com"]
[Date "2021.02.16"]
[Round "11"]
[White "Chesspirate_Channel"]
[Black "TST2014"]
[Result "1-0"]
[WhiteElo "2340"]
[BlackElo "2530"]
[TimeControl "180+1"]
[EndTime "12:11:23 PST"]
[Termination "Chesspirate_Channel won on time"]

1. d4 Nf6 2. Nc3 d5 3. Bg5 c5 4.
Nf3 cxd4 5. Qxd4 Nc6 6. Qa4 e6 7. O-O-O Bb4 8. e4 Bxc3 9. bxc3 h6 10. exd5 exd5 11. Bh4 O-O 12. Bd3 Be6 13. Rhe1 Rc8 14. Nd4 Nxd4 15. Qxd4 Qa5 16. Bxf6 gxf6 17. Qxf6 Qxc3 18.
Qxh6 Qa1+ 19. Kd2 Qc3+ 20. Ke2 Qg7 21. Qf4 Bg4+ 22. f3 Be6 23. Kf1 Rc3 24. Re5 Rxd3 25. Rxd3 Qh7 26. Rg5+ Qg6 27. Rxg6+ fxg6 28. Qe5 Kf7 29. Rxd5 Bxd5 30. Qxd5+ Kf6 31. Qxb7 a5 32. Qb6+ Ke5 33. Qxa5+ Kd4 34. Qb4+ Ke3 35. Qxf8 Kd2 36. Qf4+ Kd1 37. Kf2 g5 38. Qxg5 Kxc2 39. Qe3 Kb1 40. a4 Ka1 41. a5 Kb1 42. a6 Kc2 43. h4 Kb1 44. g4 Kc2 45. f4 Kd1 46. f5 Kc2 47. g5 Kb1 48. h5 Ka2 49. g6 Kb1 50. h6 Kc2 51. f6 Kd1 52. g7 Kc2 53. h7 Kb1 54. h8=Q Ka2 55. g8=Q+ Kb1 56. f7 Kc2 57. a7 Kd1 58. a8=Q Kc2 59. f8=Q Kb1 60. Qb6+ 1-0

[Event "*** Titled Tuesday Blitz"]
[Site "Chess.com"]
[Date "2021.02.16"]
[Round "11"]
[White "kleopl"]
[Black "TC2304"]
[Result "0-1"]
[WhiteElo "2454"]
[BlackElo "2365"]
[TimeControl "180+1"]
[EndTime "12:11:28 PST"]
[Termination "TC2304 won on time"]

1. e4 c5 2. Nc3 a6 3. d4 cxd4 4. Qxd4 Nc6 5. Qd2 g6 6. b3 Bg7 7.
Bb2 Nf6 8. O-O-O O-O 9. f3 b5 10. Kb1 Bb7 11. g4 d6 12. h4 h5 13. gxh5 Nxh5 14. Nge2 Ne5 15. Bg2 Rc8 16. Nd5 Bxd5 17. Qxd5 Qd7 18. Rdg1 e6 19. Qd1 d5 20. f4 Ng4 21.
Bxg7 Nxg7 22. Qd2 Qa7 23. exd5 Ne3 24. Nd4 Ngf5 25. Nxf5 exf5 26. h5 Rxc2 27. Qd3 Rxg2 28. hxg6 fxg6 29. Re1 Ng4 30. Qc3 Qg7 31. Qxg7+ Kxg7 32. d6 Rf7 33. Re8 Rd2 34. Rhh8 Nf6 35. Rd8 Rd7 36. Rxd7+ Nxd7 37. Rd8 Rxd6 38. Kc2 Kf6 39. Kc3 Ke7 40. Rg8 a5 41. a3 Nb6 42. Rg7+ Kd8 43. Rb7 Nd5+ 44. Kd4 b4 45. axb4 Nxb4+ 46. Ke5 Rc6 47. Ra7 Nd3+ 48. Kd4 Nc1 49. Rb7 Ra6 50. Kc3 a4 51. bxa4 Rxa4 52. Kd2 Na2 53. Ke3 Nb4 54. Rg7 Ra6 55. Kd4 Ke8 56. Rb7 Nc6+ 57. Kc5 Ne7 58. Kd4 Rf6 59. Ke5 Kf7 60. Ra7 Re6+ 0-1